 Dungeon Crawl Stone Soup version 0.30-a0-1094-g860fb061e7 (webtiles) character file.

Game seed: 5284074817604205250

1731 NateTC the Cudgeller (level 9, -1/54 HPs)
             Began as a Gargoyle Fighter on Apr 18, 2023.
             Was an Initiate of Trog.
             Slain by Pimp's ghost (5 damage)
             ... on level 6 of the Dungeon.
             The game lasted 00:12:54 (5164 turns).

NateTC the Cudgeller (Gargoyle Fighter)             Turns: 5164, Time: 00:12:55

Health: -1/54      AC: 20    Str: 21 (24) XL:     9   Next: 5%
Magic:  9/9        EV:  8    Int: 14 (15) God:    Trog [......]
Gold:   484        SH:  6    Dex:  7 (9)  Spells: 8/8 levels left

rFire   . . .      SeeInvis .    a - +1 flail (spect)
rCold   + . .      Faith    .    c - +2 buckler
rNeg    + . .      Spirit   .    h - +0 chain mail
rPois   ∞          Reflect  .    x - +0 helmet
rElec   +          Rampage  +    k - +0 cloak
rCorr   .                        e - +0 pair of gloves of the Camelopard {Rampage}
Will    .....                    (no boots) Stlth
                                 (no amulet)
HPRegen 0.29/turn                i - +6 ring of intelligence
MPRegen 0.11/turn                m - ring of protection from cold

@: no status effects
A: sickness immunity, AC +6, negative energy resistance 1, electricity
resistance, torment resistance 1, petrification resistance
a: Renounce Religion


You were on level 6 of the Dungeon.
You worshipped Trog.
Trog was noncommittal.
You visited 2 branches of the dungeon, and saw 7 of its levels.

You collected 484 gold pieces.

Inventory:

Hand Weapons
 a - a +1 spectral flail (weapon)
Armour
 c - a +2 buckler (worn)
 e - the +0 pair of gloves of the Camelopard (worn) {Rampage}
   (You acquired it on level 1 of the Dungeon)

   Rampage:   It bestows one free step when moving towards enemies.
 h - a +0 chain mail (worn)
 k - a +0 cloak (worn)
 x - a +0 helmet (worn)
Jewellery
 i - a +6 ring of intelligence (left hand)
 j - a +6 ring of intelligence
 m - a ring of protection from cold (right hand)
 s - a ring of positive energy
Wands
 n - a wand of flame (8)
 y - a wand of iceblast (7)
 B - a wand of quicksilver (6)
Scrolls
 g - 7 scrolls of vulnerability
 t - 2 scrolls of teleportation
 u - 2 scrolls of magic mapping
 z - a scroll of identify
Potions
 b - a potion of flight {unknown}
 d - 4 potions of might
 f - 2 potions of lignification
 l - 6 potions of brilliance
 o - 2 potions of berserk rage
 p - a potion of ambrosia {unknown}
 q - 2 potions of invisibility {unknown}
 r - a potion of curing {unknown}
 v - 2 potions of degeneration
 w - 2 potions of attraction {unknown}


   Skills:
 * Level 5.3 Fighting
 - Level 6.5 Maces & Flails
 - Level 6.2 Armour
 - Level 6.3 Shields
 - Level 4.2 Evocations


You had 8 spell levels left.
You didn't know any spells.
Your spell library contained the following spells:

 Spells                   Type           Power      Damage    Failure   Level
 Wereblood                Tmut           0%         N/A       98%         2
 Summon Hydra             Summ           0%         N/A       100%        7
 Sublimation of Blood     Necr           Unusable   N/A       N/A         2

Dungeon Overview and Level Annotations

Branches:
Dungeon (6/15) Zot: 25734  Temple (1/1) D:6 Zot: 5807

Altars:
Ashenzari
Cheibriados
Dithmenos
Fedhas
Gozag
Hepliaklqana
Kikubaaqudgha
Makhleb
Nemelex Xobeh
Qazlal
Ru
Sif Muna
Trog
Uskayaw
Vehumet
Xom
Zin

Shops:
D:4 :

Annotations:
D:3 1 runed translucent door, zazu2006's ghost, amateur NaHW
D:6 Pimp's ghost, novice GrFi


Innate Abilities, Weirdness & Mutations

You are immune to sickness and miasma.
Your stone body is resilient. (AC +6)
You are immune to poison.
You resist negative energy. (rN+)
You are resistant to electric shocks. (rElec)
You are resistant to unholy torment.
You are immune to petrification.


Message History

You hit the orc warrior.
The orc warrior is almost dead.
Your +1 spectral flail hits the orc warrior!
You kill the orc warrior!
Trog accepts your kill.
Something closely misses your +1 spectral flail.
The orc priest hits your +1 spectral flail but does no damage.
Your Fighting skill increases to level 5!
You have reached level 9!
Your experience leads to an increase in your attributes!
Your base attributes are Str 22, Int 9, Dex 9.
Increase (S)trength, (I)ntelligence, or (D)exterity?
You feel stronger. x2
You swap places.
Your +1 spectral flail disappears.
Pimp's ghost hits you but does no damage.
The orc priest hits you but does no damage.
Things that are here:
a +0 glaive; a +2 chain mail You hit the orc priest.
The orc priest is moderately wounded.
Your +1 spectral flail hits the orc priest!
Pimp's ghost barely misses you.
The orc priest calls down the wrath of Beogh upon you.
Beogh smites you!
* * * LOW HITPOINT WARNING * * *
Your +1 spectral flail disappears.
The orc priest invokes the aid of Beogh against you.
Beogh smites you!
* * * LOW HITPOINT WARNING * * *
Okay, then.
Okay, then.
It was a potion of degeneration.
There was something very wrong with that liquid.
You feel weakened.
You feel dopey.
You feel clumsy.
Pimp's ghost hits you but does no damage.
Pimp's ghost attacks as you move away!
Pimp's ghost hits you but does no damage.
Pimp's ghost attacks as you move away! Pimp's ghost hits you.
You die...

##.##................##
.........####.........#
.....<(...............#
...........##.........#
PP)......#.###........#
P...................#.#
P........#.####..oo.#.#
P........#.# ##.W#.#.#
PPP.P....#.# #@##o#.#
[####.#..#.# #.##o#.#
.........#.## #.##.#.#
.####...#.(.## #.##.#.#
.####........###.##.#.#
.................##.#.#
#####........######...#
............## #...#
#####...##### #.#.#


You could see an orc priest, Pimp's ghost and an orc.

Vanquished Creatures
  An orc warrior (D:6)
  A sky beast (D:6)
  A black bear (D:6)
  2 ogres (D:6)
  2 phantoms (D:5)
  A kobold brigand (D:6)
  A gnoll sergeant (D:5)
  A bullfrog (D:6)
  3 scorpions
  6 orc priests
  A hound (D:4)
  4 iguanas
  Ijyb (D:5)
  Natasha (thrice) (D:2)
  4 orc wizards
  5 gnolls (D:5)
  10 adders
  A river rat (D:5)
  A white imp (D:5)
  An ufetubus (D:5)
  5 worms
  The ghost of Esekla the Sneak, a weakling OpDe (D:5)
  3 dart slugs
  12 orcs
  7 bats
  5 endoplasms
  4 giant cockroaches
  2 goblins
  2 hobgoblins
  6 jackals (D:1)
  4 quokkas
  6 ball pythons
  2 frilled lizards
  13 kobolds
  6 rats
  A toadstool (D:6)
129 creatures vanquished.

Vanquished Creatures (others)
  3 fungi (D:6)
  3 toadstools (D:6)
6 creatures vanquished.

Grand Total: 135 creatures vanquished

Notes
Turn   | Place    | Note
-------+----------+-------------------------------------------
     0 | D:1      | NateTC the Gargoyle Fighter began the quest for the Orb.
     0 | D:1      | Reached XP level 1. HP: 14/14 MP: 1/1
    59 | D:1      | Reached XP level 2. HP: 15/20 MP: 2/2
   510 | D:1      | Identified a scroll of acquirement
   510 | D:1      | Acquired the +0 pair of gloves of the Camelopard {Rampage}
   524 | D:2      | Reached XP level 3. HP: 24/24 MP: 3/3
   819 | D:2      | Noticed Natasha
   824 | D:2      | Killed Natasha
   825 | D:2      | Reached XP level 4. HP: 26/30 MP: 4/4
   946 | D:2      | Noticed Natasha
   953 | D:2      | Killed Natasha
  1115 | D:2      | Noticed Natasha
  1121 | D:2      | Killed Natasha
  1292 | D:3      | Reached XP level 5. HP: 34/34 MP: 5/5
  1419 | D:3      | Found a runed translucent door.
  1419 | D:3      | Noticed zazu2006's ghost (amateur NaHW)
  1627 | D:3      | Identified the +6 whip of Woovohyu {freeze, Fly rElec
                  | rPois}
  1642 | D:3      | Reached skill level 5 in Maces & Flails
  1678 | D:3      | Identified the +0 ring mail "Usmod" {Dex+3 Stlth+}
  1938 | D:3      | Reached XP level 6. HP: 35/39 MP: 6/6
  2285 | D:4      | Reached XP level 7. HP: 38/44 MP: 7/7
  2632 | D:4      | Found Eluahaki's Tremendous Tomes.
  2793 | D:5      | Entered Level 5 of the Dungeon
  2875 | D:5      | Reached skill level 1 in Evocations
  2989 | D:5      | Found a runed translucent door.
  2989 | D:5      | Noticed Esekla's ghost (weakling OpDe)
  2997 | D:5      | Killed Esekla's ghost
  3005 | D:5      | Found a runed translucent door.
  3101 | D:5      | Found a large runed translucent door.
  3102 | D:5      | Found a large runed translucent door.
  3123 | D:5      | Found a hazy altar of Hepliaklqana.
  3131 | D:5      | Found a sacrificial altar of Ru.
  3363 | D:5      | Reached XP level 8. HP: 46/48 MP: 8/8
  3510 | D:5      | Noticed Ijyb
  3524 | D:5      | Killed Ijyb
  3726 | D:6      | Reached skill level 5 in Shields
  3728 | D:6      | Reached skill level 5 in Armour
  3920 | D:6      | Found a staircase to the Ecumenical Temple.
  3929 | Temple   | Entered the Ecumenical Temple
  4103 | Temple   | Became a worshipper of Trog the Wrathful
  4858 | D:6      | Found a runed translucent gate.
  4858 | D:6      | Found a runed translucent gate.
  4858 | D:6      | Found a runed translucent gate.
  4860 | D:6      | Noticed Pimp's ghost (novice GrFi)
  5079 | D:6      | Identified the +7 chain mail "Aros" {Str+3 Int+3}
  5159 | D:6      | Reached skill level 5 in Fighting
  5159 | D:6      | Reached XP level 9. HP: 24/54 MP: 9/9
  5164 | D:6      | Slain by Pimp's ghost

Illustrated notes

Levels and vault maps discovered:
D:1:      onia_arrival_pentagram, layout_basic, minmay_octomino_c4
D:2:      layout_basic, minmay_misc_feat_iff, uniq_natasha
D:3:      layout_loops_ring, hellmonk_ghost_happy_afterlife,
          kennysheep_generic_room_9
D:4:      nicolae_cairo_tiling, layout_basic, dreamdust_wishing_well,
          nicolae_shop_i_like_big_books
D:5:      layout_loops_ring, jmf_multi_god_temple2, ebering_ghost_sewer_f,
          hangedman_abyss_or_decor_stabs, uniq_ijyb
D:6:      layout_loops_ring, minmay_temple_entry_antechambers,
          biasface_ghost_orc_armoury, minmay_gold_behind_fungi
Temple:   nicolae_temple_bog_church

Skill      XL: |  1  2  3  4  5  6  7  8 |
---------------+-------------------------+-----
Fighting       | 4 5 |  5.3
Maces & Flails | 4 5 6 |  6.5
Evocations     | 2 4 |  4.2
Armour         | 4 6 |  6.2
Shields        | 4 6 |  6.3

Action                     |  1- 3 |  4- 6 |  7- 9 || total
---------------------------+-------+-------+-------++-------
  Melee: Flail             |    59 |   129 |   213 ||   401
    Use: Scroll            |    12 |     5 |     5 ||    22
         Potion            |       |       |     1 ||     1
   Stab: Distracted        |       |     1 |     2 ||     3
 Armour: Scale mail        |    46 |    56 |       ||   102
         Chain mail        |       |    22 |   113 ||   135
  Dodge: Dodged            |    34 |    60 |    60 ||   154
  Block: Buckler           |    11 |    37 |    57 ||   105

Table legend: (Time is in decaauts)
 A = Elapsed time spent in this place.
 B = Non-inter-level travel time spent in this place.
 C = Inter-level travel time spent in this place.
 D = Time resting spent in this place.
 E = Time spent auto-exploring this place.
 F = Levels seen in this place.
 G = Mean time per level.
                   A        B        C        D        E       F      G
               +--------+--------+--------+--------+--------+-----+--------+
         Total |   5247 |   5151 |     96 |    676 |   3228 |   7 |  749.6 |
       Dungeon |   5055 |   4989 |     66 |    676 |   3079 |   6 |  842.5 |
        Temple |    192 |    162 |     30 |      0 |    149 |   1 |  192.0 |
               +--------+--------+--------+--------+--------+-----+--------+

Top non-repeatable levels by time:
     D:6: 1265 daAuts
     D:5: 950 daAuts
     D:3: 824 daAuts
     D:2: 774 daAuts
     D:4: 706 daAuts
     D:1: 534 daAuts
  Temple: 192 daAuts
